 Dungeon Crawl Stone Soup version 0.27-a0-1196-g3e9cee4cb2 (webtiles) character file.

Game seed: 15250766368645437120

16266 Cancer the Destroyer (level 12, -10/60 HPs)
             Began as a Gargoyle Conjurer on May 19, 2021.
             Was an Elder of Sif Muna.
             Mangled by a death yak (11 damage)
             ... on level 2 of the Lair of Beasts on May 27, 2021.
             The game lasted 00:57:39 (14878 turns).

Cancer the Destroyer (Gargoyle Conjurer)           Turns: 14878, Time: 00:57:40

Health: -10/60     AC: 17    Str: 12    XL:     12   Next: 35%
Magic:  27/27      EV: 12    Int: 29    God:    Sif Muna [****..]
Gold:   653        SH:  0    Dex:  8    Spells: 27/34 levels left

rFire    . . .     SeeInvis +   I - +2 dagger (venom)
rCold    . . .     Faith    .   (no shield)
rNeg     + . .     Spirit   .   K - +3 leather armour
rPois    ∞         Reflect  .   v - +0 helmet
rElec    +         Harm     .   R - scarf {repulsion}
rCorr    .         Rampage  .   (no gloves)
Will     .....                  k - +0 pair of boots
Stlth    ++........             a - amulet of magic regeneration
HPRegen  0.20/turn              P - ring of see invisible
MPRegen  0.45/turn              B - +6 ring of intelligence

@: repel missiles
A: sickness immunity, AC +8, negative energy resistance 1, electricity
resistance, torment resistance 1, petrification resistance
a: Renounce Religion, Channel Magic, Forget Spell, Divine Exegesis


You were on level 2 of the Lair of Beasts.
You worshipped Sif Muna.
Sif Muna was greatly pleased with you.
You visited 3 branches of the dungeon, and saw 13 of its levels.
You also visited: Sewer.

You collected 653 gold pieces.

Inventory:

Hand Weapons
 I - a +2 dagger of venom (weapon)
Armour
 k - a +0 pair of boots (worn)
 t - a +2 robe of cold resistance
 v - a +0 helmet (worn)
 y - a scarf of repulsion
 D - the +1 scale mail of the Orb {rN++ rCorr Int+4}
   (You found it on level 2 of the Lair of Beasts)

   It affects your intelligence (+4).
   It greatly protects you from negative energy.
   It protects you from acid and corrosion.
 K - a +3 leather armour (worn)
 R - a scarf of repulsion (worn)
 S - a scarf of invisibility
Jewellery
 a - an amulet of magic regeneration (around neck)
 A - a ring of resist corrosion
 B - a +6 ring of intelligence (right hand)
 F - a ring of ice
 N - a ring of flight
 P - a ring of see invisible (left hand)
Wands
 j - a wand of iceblast (12)
Scrolls
 c - 2 scrolls of fear {unknown}
 f - 3 scrolls of immolation {unknown}
 g - 8 scrolls of identify {unknown}
 h - 2 scrolls of amnesia {unknown}
 m - 2 scrolls of magic mapping {unknown}
 n - 2 scrolls of teleportation {unknown}
 p - 2 scrolls of summoning {unknown}
 q - a scroll of torment {unknown}
 r - a scroll of enchant weapon {unknown}
 s - a scroll of blinking {unknown}
 u - a scroll of vulnerability {unknown}
 w - a scroll of holy word {unknown}
 J - 3 scrolls of noise {unknown}
 O - 3 scrolls of brand weapon {unknown}
Potions
 b - 8 potions of heal wounds {unknown}
 d - 5 potions of curing
 e - a potion of resistance {unknown}
 i - a potion of invisibility {unknown}
 l - a potion of haste {unknown}
 o - a potion of brilliance {unknown}
 x - 2 potions of flight
 z - 3 potions of might {unknown}
 C - a potion of degeneration {unknown}
 Q - a potion of magic {unknown}


   Skills:
 + Level 0.6 Fighting
 - Level 4.0 Armour
 - Level 4.0 Dodging
 - Level 4.0 Stealth
 + Level 11.8 Spellcasting
 + Level 14.1 Conjurations
 - Level 4.0 Hexes


You had 27 spell levels left.
You knew the following spells:

 Your Spells              Type           Power      Damage    Failure   Level
a - Magic Dart            Conj           100%       1d8       0%          1
b - Searing Ray           Conj           100%       3d7       1%          2
c - Fulminant Prism       Conj/Hex       31%        3d16      1%          4

Your spell library contained the following spells:

 Spells                   Type           Power      Damage    Failure   Level
 Dazzling Flash           Conj/Hex       100%       N/A       1%          3
 Iskenderun's Mystic Bla  Conj/Tloc      55%        2d12      2%          4
 Animate Skeleton         Necr           34%        N/A       4%          1
 Pain                     Necr           68%        1d7       4%          1
 Summon Small Mammal      Summ           68%        N/A       4%          1
 Summon Guardian Golem    Hex/Summ       28%        N/A       5%          3
 Call Imp                 Summ           17%        N/A       6%          2
 Call Canine Familiar     Summ           17%        N/A       12%         3
 Vampiric Draining        Necr           8%         2d7       12%         3
 Animate Dead             Necr           8%         N/A       36%         4
 Summon Ice Beast         Ice/Summ       17%        N/A       36%         4
 Summon Lightning Spire   Summ/Air       17%        N/A       36%         4
 Agony                    Necr           17%        N/A       73%         5


Dungeon Overview and Level Annotations

Branches:
Dungeon (10/15)            Temple (1/1) D:6            Lair (2/6) D:10
 Shoals (0/4) Lair:2       Spider (0/4) Lair:2        Sewer (visited)
    Orc: D:9-12

Altars:
Ashenzari
Cheibriados
Dithmenos
Elyvilon
Fedhas
Gozag
Hepliaklqana
Kikubaaqudgha
Makhleb
Nemelex Xobeh
Okawaru
Qazlal
Ru
Sif Muna
Trog
Uskayaw
Vehumet
Wu Jian
Xom
Yredelemnul
Zin
The Shining One

Annotations:
D:9 2 runed translucent doors
D:10 stash
Lair:2 Maggie


Innate Abilities, Weirdness & Mutations

You are immune to sickness and miasma.
Your stone body is resilient. (AC +8)
You are immune to poison.
You resist negative energy. (rN+)
You are resistant to electric shocks. (rElec)
You are resistant to unholy torment.
You are immune to petrification.


Message History

Your fulminant prism crackles loudly.
Maggie gestures at you while chanting.
The bolt of fire hits your fulminant prism!
Your fulminant prism resists.
Your fulminant prism explodes!
Found a stone staircase leading down.
There is a stone staircase leading up here.
You climb upwards.
There is a stone staircase leading down here.
There is a stone staircase leading down here.
You enter the shallow water.
Moving in this stuff is going to be slow.
You enter the shallow water.
Moving in this stuff is going to be slow.
You enter the shallow water.
Moving in this stuff is going to be slow.
There is a stone staircase leading down here.
You enter the shallow water.
Moving in this stuff is going to be slow.
You enter the shallow water.
Moving in this stuff is going to be slow.
There is a stone staircase leading down here.
You climb downwards.
Level annotation: Maggie The death yak bellows!
You hear a bellow! x3
There is a stone staircase leading up here.
You climb upwards.
There is a stone staircase leading down here.
You start resting.
HP restored.
You climb downwards.
Level annotation: Maggie The death yak gores you.
The death yak gores you but does no damage.
The death yak gores you! The death yak gores you!!
There is a stone staircase leading up here.
The death yak gores you!!
* * * LOW HITPOINT WARNING * * *
The death yak gores you!
You die...

#..##....##........
#...#.#.###.......#
##.###...##......##
##.#.##...#......#.
#..................
##.................
##.................
#..................
#.@Y..####.........
#.Y.#######........
##.##....#.......##
#...+....##......##
##........#......##
#.Y#....##......#.
##.......##......##
#...#....##......#.
#..####+#Y#......##


You could see 3 death yaks.

Vanquished Creatures
  A hydra (Lair:1)
  3 two-headed ogres
  A death yak (Lair:1)
  Pikel (D:4)
  3 cane toads
  A gargoyle (D:8)
  3 kobold demonologists
  A komodo dragon (Lair:1)
  A merfolk (D:10)
  4 jumping spiders (Lair:2)
  Grinder (D:4)
  Prince Ribbit (D:5)
  4 blink frogs (Lair:2)
  13 yaks
  3 basilisks
  A steam dragon (D:6)
  2 water moccasins
  7 orc warriors
  A sky beast (D:8)
  An ice beast (D:6)
  5 wolves (Lair:2)
  2 necrophages
  4 centaurs
  A lemure (D:4)
  3 phantoms
  Blork the orc (D:4)
  7 kobold brigands
  6 bullfrogs
  A gnoll sergeant (D:9)
  A wyvern zombie (D:8)
  5 scorpions
  A wyvern skeleton (D:7)
  2 water moccasin skeletons
  10 killer bees
  4 wights
  2 howler monkeys
  2 electric eels (Lair:1)
  4 centaur zombies
  3 orc priests
  2 bullfrog skeletons
  A bullfrog zombie (D:5)
  4 jellies
  3 gnoll shamans
  3 hounds
  2 centaur skeletons
  3 iron imps (D:5)
  2 iguanas (D:6)
  8 orc wizards
  3 howler monkey zombies
  14 gnolls
  3 river rats
  13 adders
  3 white imps
  3 ufetubi
  2 worms
  31 orcs
  4 ball pythons
  3 bats
  5 endoplasms
  7 giant cockroaches
  4 goblins
  8 hobgoblins
  11 jackals
  6 quokkas
  11 frilled lizards
  26 kobolds
  8 rats
310 creatures vanquished.

Vanquished Creatures (others)
  37 fulminant prisms
  9 fungi
  37 plants
83 creatures vanquished.

Grand Total: 393 creatures vanquished

Notes
Turn   | Place    | Note
-------+----------+-------------------------------------------
     0 | D:1      | Cancer the Gargoyle Conjurer began the quest for the Orb.
     0 | D:1      | Reached XP level 1. HP: 10/10 MP: 3/3
   206 | D:1      | Reached XP level 2. HP: 10/15 MP: 0/5
   412 | D:1      | Learned a level 2 spell: Searing Ray
   460 | D:1      | Reached XP level 3. HP: 12/19 MP: 3/6
   718 | D:1      | Found a faded altar of an unknown god.
  1044 | D:2      | Reached skill level 5 in Conjurations
  1134 | D:2      | Reached XP level 4. HP: 22/24 MP: 4/8
  2337 | D:3      | Noticed a kobold brigand
  2343 | D:3      | Killed a kobold brigand
  2344 | D:3      | Reached skill level 6 in Conjurations
  2344 | D:3      | Reached XP level 5. HP: 28/28 MP: 1/10
  2416 | D:3      | Found a large runed translucent door.
  2417 | D:3      | Found a large runed translucent door.
  2422 | D:3      | Found a shimmering altar of Xom.
  2874 | D:3      | Reached XP level 6. HP: 32/32 MP: 9/12
  3133 | D:3      | Found an iron altar of Okawaru.
  3494 | D:4      | Noticed Pikel
  3504 | D:4      | Killed Pikel
  3505 | D:4      | Reached skill level 5 in Spellcasting
  3505 | D:4      | Reached skill level 7 in Conjurations
  3505 | D:4      | Reached XP level 7. HP: 18/36 MP: 1/15
  3656 | D:4      | Noticed Blork the orc
  3731 | D:4      | Reached skill level 8 in Conjurations
  3736 | D:4      | Found a hide-covered altar of Uskayaw.
  3799 | D:4      | Reached XP level 8. HP: 41/41 MP: 10/16
  3861 | D:4      | Noticed Grinder
  3874 | D:4      | Killed Grinder
  4041 | D:4      | Killed Blork the orc
  4153 | D:4      | Found a broken altar of Ashenzari.
  4425 | D:5      | Entered Level 5 of the Dungeon
  4610 | D:5      | Found a burning altar of Makhleb.
  4783 | D:5      | Reached skill level 9 in Conjurations
  4830 | D:5      | Noticed Prince Ribbit
  4921 | D:5      | Killed Prince Ribbit
  4975 | D:5      | Found a glowing drain.
  4982 | Sewer    | Entered a sewer
  5198 | Sewer    | Found a white marble altar of Elyvilon.
  5499 | D:5      | Reached XP level 9. HP: 40/45 MP: 15/20
  5725 | D:5      | Reached skill level 10 in Conjurations
  6241 | D:6      | Found a staircase to the Ecumenical Temple.
  6246 | Temple   | Entered the Ecumenical Temple
  6513 | Temple   | Became a worshipper of Sif Muna the Loreminder
  6621 | D:6      | Found a white marble altar of Elyvilon.
  6676 | D:6      | Found a basalt altar of Yredelemnul.
  6966 | D:6      | Reached * piety under Sif Muna
  7580 | D:7      | Reached skill level 11 in Conjurations
  7922 | D:7      | Found an opulent altar of Gozag.
  7933 | D:7      | Reached XP level 10. HP: 44/50 MP: 20/23
  8255 | D:7      | Found an ancient bone altar of Kikubaaqudgha.
  8781 | D:8      | Identified the +4 war axe of Dim Light {flame, *Noise *Slow
                  | rPois rCorr}
  8854 | D:8      | Reached ** piety under Sif Muna
  9337 | D:8      | Noticed a gargoyle
  9375 | D:7      | Reached skill level 12 in Conjurations
  9627 | D:7      | Learned a level 4 spell: Fulminant Prism
  9671 | D:8      | Noticed a two-headed ogre
  9763 | D:8      | Found a hazy altar of Hepliaklqana.
  9824 | D:8      | Found a shimmering altar of Xom.
  9824 | D:8      | Found a faded altar of an unknown god.
  9830 | D:8      | Found a faded altar of an unknown god.
  9832 | D:8      | Found a blossoming altar of Fedhas.
  9833 | D:8      | Found a sacrificial altar of Ru.
  9920 | D:8      | Killed a gargoyle
  9921 | D:8      | Reached skill level 1 in Armour
  9921 | D:8      | Reached skill level 10 in Spellcasting
 10185 | D:8      | Killed a two-headed ogre
 10454 | D:9      | Noticed a kobold demonologist
 10489 | D:9      | Found a runed translucent door.
 10490 | D:9      | Noticed an ice dragon
 10495 | D:9      | Found the +2 shield of Resistance {rF++ rC++ Will++}
 10495 | D:9      | Noticed a fire dragon
 10496 | D:9      | Noticed a fire dragon
 10497 | D:9      | Noticed an ice dragon
 10498 | D:9      | Found a runed translucent door.
 10726 | D:9      | Noticed a two-headed ogre
 10748 | D:9      | Killed a two-headed ogre
 10749 | D:9      | Reached XP level 11. HP: 54/54 MP: 16/25
 11212 | D:10     | Entered Level 10 of the Dungeon
 11221 | D:10     | Reached skill level 1 in Hexes
 11246 | D:10     | Found an ornate altar of the Wu Jian Council.
 11254 | D:10     | Reached *** piety under Sif Muna
 11282 | D:10     | Noticed a two-headed ogre
 11294 | D:10     | Killed a two-headed ogre
 11295 | D:10     | Reached skill level 13 in Conjurations
 11997 | D:10     | Found a staircase to the Lair.
 12319 | D:10     | Upgraded the game from 0.27-a0-1184-ge86db4a01e to
                  | 0.27-a0-1196-g3e9cee4cb2
 12320 | Lair:1   | Entered Level 1 of the Lair of Beasts
 13144 | Lair:1   | Noticed an eight-headed hydra
 13439 | Lair:1   | Killed an eight-headed hydra
 13556 | Lair:1   | Reached **** piety under Sif Muna
 13600 | Lair:2   | Reached XP level 12. HP: 59/59 MP: 24/27
 14086 | Lair:2   | Noticed a death yak
 14086 | Lair:2   | Noticed a death yak
 14087 | Lair:2   | Noticed a death yak
 14088 | Lair:2   | Identified the +1 scale mail of the Orb {rN++ rCorr Int+4}
 14088 | Lair:2   | Noticed a death yak
 14088 | Lair:2   | Noticed a death yak
 14137 | Lair:1   | Killed a death yak
 14138 | Lair:1   | Reached skill level 14 in Conjurations
 14321 | Lair:2   | Found a hole to the Spider Nest.
 14651 | Lair:2   | Found a staircase to the Shoals.
 14676 | Lair:2   | Noticed Maggie
 14878 | Lair:2   | HP: 1/60 [death yak (18)]
 14878 | Lair:2   | Mangled by a death yak

Illustrated notes

Levels and vault maps discovered:
D:1:      onia_arrival_pentagram, layout_rooms,
          hellmonk_ecumenical_altar_zigzags, st_stairs_11,
          minmay_tree_intersection
D:2:      layout_rooms
D:3:      due_chaos_kobolds, layout_basic, okawaru_ov_weapons_minmay
D:4:      layout_cave_pools, chequers_temple_overflow_statue_of_worship,
          uniq_blork_the_orc, uniq_pikel, uniq_grinder
D:5:      minmay_diamond_boxcup, layout_basic, demons_altar,
          gup_sewer_entry_spiral, sigmund_army, uniq_prince_ribbit1
D:6:      layout_basic, kennysheep_ying_yang, temple_fountains,
          minmay_lizard_king
D:7:      layout_loops_ring, lemuel_doored_altar, kiku_gazebo_pond_becter,
          kennysheep_another_room, minmay_misc_feat_columns
D:8:      minmay_recursive_quarters, layout_cave_pools,
          worldfamousw_hep_ancestral_shrine,
          chequers_temple_overflow_minitemple, serial_park, serial_park_square1
          [serial_park_minivault_5x5_4]
D:9:      layout_stronghold, minmay_guarded_unrand_resistance
D:10:     layout_roguey, nicolae_wu_jian_wuxing_cycle, dpeg_oklobed_lair,
          hangedman_fish_farm
Temple:   jpeg_temple_island
Lair:1:   layout_concentric_octagons, grunt_megastairs_3,
          infiniplex_staircase_pool
Lair:2:   layout_regular_city, elwin_shoals_entry_stream,
          nicolae_spider_entry_tight_spaces, uniq_maggie

Skill      XL: |  1  2  3  4  5  6  7  8  9 10 11 12 |
---------------+-------------------------------------+-----
Conjurations   | 5 6 7 8 9 11 12 13 14 | 14.1
Spellcasting   | 3 4 5 7 9 10 11 | 11.8
Stealth        | 3 4 |  4.0
Armour         | 4 |  4.0
Hexes          | 4 |  4.0
Dodging        | 2 4 |  4.0
Fighting       | |  0.6

Action                   |  1- 3 |  4- 6 |  7- 9 | 10-12 || total
-------------------------+-------+-------+-------+-------++-------
Melee: Whip              |    71 |    72 |    70 |    12 ||   225
       Dagger            |       |       |       |   106 ||   106
 Cast: Magic Dart        |    12 |       |       |       ||    12
       Searing Ray       |     5 |    26 |    73 |    97 ||   201
       Fulminant Prism   |       |       |       |    37 ||    37
  Use: Potion            |       |       |     2 |       ||     2
 Stab: Sleeping          |       |     1 |     2 |       ||     3
       Distracted        |       |       |     1 |       ||     1
Armor: Robe              |    43 |    45 |    74 |    49 ||   211
       Leather armour    |       |       |       |    97 ||    97
Dodge: Dodged            |    71 |    51 |    98 |   136 ||   356

Table legend: (Time is in decaauts)
 A = Elapsed time spent in this place.
 B = Non-inter-level travel time spent in this place.
 C = Inter-level travel time spent in this place.
 D = Time resting spent in this place.
 E = Time spent auto-exploring this place.
 F = Levels seen in this place.
 G = Mean time per level.
                   A        B        C        D        E       F      G
               +--------+--------+--------+--------+--------+-----+--------+
         Total |  15030 |  14103 |    927 |    579 |   9601 |  14 | 1073.6 |
       Dungeon |  11773 |  11221 |    552 |    373 |   8049 |  10 | 1177.3 |
        Temple |    345 |    279 |     66 |      0 |    277 |   1 |  345.0 |
          Lair |   2571 |   2262 |    309 |    194 |   1162 |   2 | 1285.5 |
         Sewer |    340 |    340 |      0 |     12 |    113 |   1 |  340.0 |
               +--------+--------+--------+--------+--------+-----+--------+

Top non-repeatable levels by time:
  Lair:1: 1558 daAuts
     D:7: 1553 daAuts
     D:5: 1545 daAuts
     D:3: 1362 daAuts
     D:2: 1273 daAuts
     D:8: 1209 daAuts
     D:1: 1037 daAuts
     D:9: 1037 daAuts
     D:6: 1027 daAuts
  Lair:2: 1012 daAuts
    D:10: 961 daAuts
     D:4: 766 daAuts
  Temple: 345 daAuts
   Sewer: 340 daAuts
